 Dungeon Crawl Stone Soup version 0.32-a0-42-ga30500b4d3 (webtiles) character file.

Game seed: 3682476244495641591

59796 CougarLife the Brawler (level 14, -1/153 HPs)
             Began as a Troll Berserker on Jan 29, 2024.
             Was a High Priest of Trog.
             Slain by a sixfirhy (8 damage)
             ... summoned by an orc high priest
             ... on level 2 of the Orcish Mines.
             The game lasted 00:38:34 (18613 turns).

CougarLife the Brawler (Troll Berserker)           Turns: 18613, Time: 00:38:34

Health: -1/153     AC: 11    Str: 28    XL:     14   Next: 54%
Magic:  13/13      EV: 14    Int:  7    God:    Trog [*****.]
Gold:   1669       SH: 19    Dex: 15    Spells: 13/13 levels left

rFire   . .          .
                       - Unarmed
rCold   + . .        h - +1 tower shield "Ciytiov" {rC+}
rNeg    . . .        H - +3 troll leather armour
rPois   .            (helmet restricted)
rElec   .            n - +1 cloak
rCorr   .            (gloves unavailable)
SInv    .            (boots unavailable)
Will    +++..        K - amulet of reflection
Stlth   +            X - +6 ring of dexterity
HPRegen 3.05/turn    V - +5 ring of evasion
MPRegen 0.13/turn

%: reflection
@: strong-willed, on berserk cooldown, regenerating, hasted and slowed
A: large, unfitting armour, claws 3, regeneration 1, shaggy fur 1, tough skin 1
a: Renounce Religion, Berserk, Trog's Hand, Brothers in Arms


You were on level 2 of the Orcish Mines.
You worshipped Trog.
Trog was extremely pleased with you.
You visited 3 branches of the dungeon, and saw 18 of its levels.
You also visited: Sewer, Bailey and Gauntlet.

You collected 1853 gold pieces.
You spent 184 gold pieces at shops.

Inventory:

Missiles
 g - 33 poisoned darts
 i - 16 boomerangs
 s - 4 throwing nets
 F - 9 curare-tipped darts (quivered)
 R - 2 large rocks
 U - 6 silver javelins
Armour
 h - the +1 tower shield "Ciytiov" (worn) {rC+}
   (You acquired it on level 1 of the Lair of Beasts)

   rC+:       It protects you from cold.
 n - a +1 cloak (worn)
 H - a +3 troll leather armour (worn)
Jewellery
 p - a ring of fire
 K - an amulet of reflection (around neck)
 L - a ring of see invisible
 M - a ring of willpower
 V - a +5 ring of evasion (right claw)
 W - a ring of ice
 X - a +6 ring of dexterity (left claw)
 Y - a ring of resist corrosion
Wands
 o - a wand of digging (5)
 r - a wand of iceblast (18)
 A - a wand of flame (11)
 C - a wand of polymorph (21)
 I - a wand of charming (18)
 O - a wand of quicksilver (8)
Scrolls
 a - 2 scrolls of noise
 f - 3 scrolls of fear
 t - 6 scrolls of fog
 v - 4 scrolls of teleportation
 y - a scroll of vulnerability {unknown}
 D - a scroll of brand weapon {unknown}
 E - 4 scrolls of blinking
 J - 2 scrolls of silence
 N - a scroll of revelation {unknown}
 P - 3 scrolls of poison
 S - 3 scrolls of immolation {unknown}
 T - 2 scrolls of summoning {unknown}
Potions
 b - 6 potions of invisibility
 c - 4 potions of heal wounds {unknown}
 d - 5 potions of haste
 e - 3 potions of lignification {unknown}
 j - 3 potions of ambrosia {unknown}
 k - 4 potions of degeneration
 l - 3 potions of might
 m - 2 potions of magic {unknown}
 q - a potion of enlightenment {unknown}
 u - 2 potions of mutation {unknown}
 w - 4 potions of attraction {unknown}
 x - 8 potions of curing
 z - 2 potions of berserk rage {unknown}
 B - a potion of cancellation {unknown}


   Skills:
 - Level 13.0 Fighting
 - Level 6.2 Throwing
 - Level 6.4 Armour
 - Level 5.5 Dodging
 + Level 3.0 Shields
 - Level 17.3 Unarmed Combat


You had 13 spell levels left.
You didn't know any spells.
Your spell library was empty.

Dungeon Overview and Level Annotations

Branches:
Dungeon (11/15)            Temple (0/1) D:6            Lair (5/5) D:9
  Swamp (0/4) Lair:3       Spider (0/4) Lair:3        Slime (0/5) Lair:5
    Orc (2/2) D:10            Elf (0/3) Orc:2         Sewer (visited)
 Bailey (visited)         Gauntlet (visited)

Altars:
Ashenzari
Cheibriados
Dithmenos
Elyvilon
Gozag
Hepliaklqana
Nemelex Xobeh
Ru
Trog
Vehumet
Xom
Yredelemnul
The Shining One

Shops:
D:3 [   D:6 **   D:7 *   Orc:2 [

Portals:
Abyss: D:7

Annotations:
D:7 2 transporters, Azoth's ghost, journeyman DEHu
D:8 2 transporters, RockinRobin's ghost, novice TrFi
D:11 2 transporters, Nitisiyl's ghost, journeyman OpSh


Innate Abilities, Weirdness & Mutations

You are too large for most types of armour.
You have claws for hands.
Your natural rate of healing is unusually fast.
You are covered in fur. (AC +1)
You have tough skin. (AC +1)


Message History

You scratch the sixfirhy.
The sixfirhy is moderately wounded.
You are no longer berserk.
You are exhausted.
You feel yourself slow down. The sixfirhy barely misses you.
The sixfirhy closely misses you.
The orc high priest hits you from afar with a +0 glaive.
* * * LOW HITPOINT WARNING * * *
You miss the sixfirhy.
The sixfirhy is lightly wounded.
You block the sixfirhy's attack. x3; The sixfirhy closely misses you.
You block the hellwing's attack. The hellwing misses you.
The orc warrior hits you with a +0 short sword of electrocution.
* * * LOW HITPOINT WARNING * * *
The orc high priest hits you from afar with a +0 glaive!
* * * LOW HITPOINT WARNING * * *
The hellwing hits you!
* * * LOW HITPOINT WARNING * * *
The hellwing misses you. The orc warrior misses you.
You feel yourself speed up. You block the sixfirhy's attack. x4
The orc high priest misses you. The sixfirhy closely misses you.
The hellwing hits you!
* * * LOW HITPOINT WARNING * * *
The hellwing hits you.
* * * LOW HITPOINT WARNING * * *
The orc warrior hits you with a +0 short sword of electrocution.
* * * LOW HITPOINT WARNING * * *
You are electrocuted!
* * * LOW HITPOINT WARNING * * *
The sixfirhy closely misses you.
The orc high priest hits you from afar with a +0 glaive.
* * * LOW HITPOINT WARNING * * *
Blink to where?
Press: ? - help, Dir - move target
As you read the scroll of blinking, it crumbles to dust.
You feel the effects of Trog's Hand fading.
Your skin crawls.
You feel strong-willed. The sixfirhy hits you!
You die...

#........... #...........
#........... #...........
#...)....##. #......#####
#.....#.## #########
##........#
##....3@.###....#.#.##
######3#......#..#....####
o##.#.)##).o................##
o.....oO)4)..........#.......#
.#.....oo.o.........##.∩..#.##
##............#.....##...###
#....##.............##.##
##.####............##...# ##
##.#........####.##


You could see a hellwing (summoned), 2 sixfirhies, an orc warrior and an orc.

Vanquished Creatures
  A balrug (Gauntlet)
  An eleionoma (Lair:3)
  A minotaur (Gauntlet)
  An ice dragon (Lair:5)
  3 hydras
  2 catoblepae
  3 boulder beetles
  A death scarab (Gauntlet)
  A death yak (Lair:3)
  Urug (Orc:2)
  Sonja (Orc:2)
  2 skysharks
  A swamp dragon (Lair:5)
  A spectral hydra (Gauntlet)
  Pikel (D:8)
  An orc knight (Orc:2)
  A wolf spider (Lair:5)
  A cyclops (D:11)
  An orc sorcerer (Orc:2)
  A manticore (D:7)
  9 elephants
  Maurice (D:8)
  7 black mambas
  A guardian serpent (Lair:5)
  A minotaur zombie (Gauntlet)
  12 cane toads
  A kobold demonologist (D:9)
  6 komodo dragons
  An unseen horror (D:10)
  4 rime drakes
  Psyche (D:8)
  5 polar bears
  3 hornets
  2 trolls
  11 blink frogs
  6 dream sheep (Lair:5)
  A culicivora (Lair:3)
  2 shadows
  3 spriggans
  37 yaks
  A vampire (D:6)
  14 wyverns
  8 basilisks
  2 wargs (Orc:1)
  A wraith (D:10)
  A neqoxec (Gauntlet)
  6 redbacks
  2 chaos spawn (Gauntlet)
  4 vampire mosquitoes (D:11)
  5 acid dragons
  Duvessa (D:4)
  37 water moccasins
  20 orc warriors
  2 sky beasts (D:8)
  8 black bears
  2 swamp drakes (Lair:5)
  3 ogres
  31 wolves
  A centaur (D:5)
  A phantom (D:6)
  2 lemures (D:8)
  5 kobold brigands
  10 bullfrogs
  A gnoll sergeant (D:8)
  Dowan (D:4)
  13 killer bees
  9 howler monkeys
  2 jellies (D:5)
  7 hounds
  A gnoll bouda (D:7)
  14 orc priests
  Crazy Yiuf (D:3)
  A sleepcap (D:8)
  8 iguanas
  16 orc wizards
  Robin (D:2)
  21 gnolls
  25 adders
  2 river rats
  2 shadow imps
  2 white imps
  4 ufetubi (D:6)
  3 dart slugs
  3 ribbon worms
  98 orcs
  12 endoplasms
  6 giant cockroaches
  29 goblins
  12 hobgoblins
  3 jackals
  37 kobolds
  A quokka (D:2)
  18 ball pythons
  5 bats
  2 frilled lizards
  35 rats
  A butterfly (Lair:1)
703 creatures vanquished.

Vanquished Creatures (collateral kills)
  An orc warlord (Bailey)
  A hydra (Lair:2)
  2 orc warriors (Bailey)
  An orc (Bailey)
  A hobgoblin (Bailey)
6 creatures vanquished.

Grand Total: 709 creatures vanquished

Notes
Turn   | Place    | Note
-------+----------+-------------------------------------------
     0 | D:1      | CougarLife the Troll Berserker began the quest for the Orb.
     0 | D:1      | Reached XP level 1. HP: 22/22 MP: 0/0
    47 | D:1      | Reached XP level 2. HP: 25/29 MP: 1/1
   579 | D:1      | Reached XP level 3. HP: 36/36 MP: 2/2
   845 | D:1      | Reached ** piety under Trog
  1354 | D:2      | Reached XP level 4. HP: 44/45 MP: 3/3
  1355 | D:2      | Reached skill level 4 in Unarmed Combat
  1672 | D:2      | Noticed Robin
  1681 | D:2      | Killed Robin
  2035 | D:3      | Found a runed translucent door.
  2036 | D:3      | Noticed Crazy Yiuf
  2416 | D:3      | Reached *** piety under Trog
  2417 | D:3      | Reached XP level 5. HP: 53/53 MP: 4/4
  2501 | D:3      | Reached skill level 5 in Unarmed Combat
  2553 | D:3      | Found Quasizo's Antique Armour Shoppe.
  2765 | D:3      | Killed Crazy Yiuf
  2919 | D:4      | Noticed Duvessa
  2919 | D:4      | Noticed Dowan
  3091 | D:4      | Killed Duvessa
  3092 | D:4      | Reached skill level 6 in Unarmed Combat
  3092 | D:4      | Reached XP level 6. HP: 61/61 MP: 5/5
  3152 | D:4      | Killed Dowan
  3413 | D:4      | Found a glowing drain.
  3437 | Sewer    | Entered a sewer
  3474 | Sewer    | Reached skill level 7 in Unarmed Combat
  3534 | Sewer    | Reached **** piety under Trog
  3678 | Sewer    | Reached XP level 7. HP: 45/67 MP: 6/6
  3775 | Sewer    | Reached ***** piety under Trog
  4190 | D:4      | Reached skill level 8 in Unarmed Combat
  4587 | D:5      | Entered Level 5 of the Dungeon
  5090 | D:5      | Found a basalt altar of Yredelemnul.
  5096 | D:5      | Found an opulent altar of Gozag.
  5097 | D:5      | Found a radiant altar of Vehumet.
  5103 | D:5      | Found a hazy altar of Hepliaklqana.
  5104 | D:5      | Found a sacrificial altar of Ru.
  5107 | D:5      | Found a snail-covered altar of Cheibriados.
  5108 | D:5      | Found a glowing golden altar of the Shining One.
  5110 | D:5      | Found a sparkling altar of Nemelex Xobeh.
  5114 | D:5      | Found a broken altar of Ashenzari.
  5115 | D:5      | Found a white marble altar of Elyvilon.
  5146 | D:5      | Reached XP level 8. HP: 70/79 MP: 7/7
  5621 | D:3      | Bought a runed robe for 92 gold pieces
  5621 | D:3      | Bought a runed robe for 92 gold pieces
  5816 | D:6      | Reached skill level 5 in Fighting
  5827 | D:6      | Found Luno's General Store.
  5831 | D:6      | Found Iqimniopn's Specific Store.
  5926 | D:6      | Found a staircase to the Ecumenical Temple.
  6135 | D:6      | Noticed a hornet
  6139 | D:6      | Paralysed by a hornet for 1 turns
  6141 | D:6      | Killed a hornet
  6327 | D:7      | Reached XP level 9. HP: 69/94 MP: 8/8
  6520 | D:7      | Found a transporter.
  6522 | D:7      | Found a one-way gate to the infinite horrors of the Abyss.
  6522 | D:7      | Noticed Azoth's ghost (journeyman DEHu)
  6527 | D:7      | Found a transporter.
  6891 | D:7      | Noticed a manticore
  6900 | D:7      | Noticed a troll
  6910 | D:7      | Killed a manticore
  7017 | D:7      | Killed a troll
  7122 | D:7      | Reached skill level 9 in Unarmed Combat
  7234 | D:7      | Found Nuozye Leirr's Overcharged Wands.
  7336 | D:8      | Noticed Pikel
  7356 | D:8      | Killed Pikel
  7357 | D:8      | Reached XP level 10. HP: 107/107 MP: 9/9
  7374 | D:8      | Noticed Maurice
  7393 | D:8      | Something stole a ring of fire
  7395 | D:8      | Something stole 24 poisoned darts
  7396 | D:8      | Something stole 23 gold
  7397 | D:8      | Killed Maurice
  7398 | D:8      | Reached skill level 10 in Unarmed Combat
  7697 | D:8      | Received a gift from Trog
  7712 | D:8      | Noticed RockinRobin's ghost (novice TrFi)
  7716 | D:8      | Noticed a deep elf pyromancer
  7760 | D:8      | Found a transporter.
  7764 | D:8      | Found a transporter.
  7935 | D:8      | Noticed Psyche
  7985 | D:8      | Killed Psyche
  7986 | D:8      | Reached skill level 11 in Unarmed Combat
  8339 | D:9      | Reached skill level 12 in Unarmed Combat
  8381 | D:9      | Reached skill level 1 in Armour
  8436 | D:9      | Found a staircase to the Lair.
  8499 | D:9      | Found a bloodstained altar of Trog.
  8678 | D:9      | Reached XP level 11. HP: 115/115 MP: 10/10
  8694 | D:9      | Reached skill level 5 in Armour
  9021 | D:10     | Entered Level 10 of the Dungeon
  9050 | D:10     | Identified the +5 battleaxe "Fuqud" {antimagic, rC+ Str+2
                  | SInv} (Trog gifted it to you on level 10 of the Dungeon)
  9050 | D:10     | Received a gift from Trog
  9063 | D:10     | Found a staircase to the Orcish Mines.
  9483 | D:10     | Found a flagged portal.
  9508 | Bailey   | Entered a bailey
  9581 | Bailey   | Reached skill level 1 in Throwing
  9760 | Bailey   | Noticed an orc warlord
  9777 | Bailey   | Killed an orc warlord
 10203 | D:10     | Reached skill level 5 in Throwing
 10309 | D:11     | Noticed a boulder beetle
 10322 | D:11     | Killed a boulder beetle
 10496 | D:11     | Found a shadowy altar of Dithmenos.
 10559 | D:11     | Identified the +9 trident of Excruciating Pain {drain,
                  | rElec rC+ Str-3}
 10743 | D:11     | Found a transporter.
 10747 | D:11     | Noticed a tengu warrior
 10747 | D:11     | Noticed Nitisiyl's ghost (journeyman OpSh)
 10748 | D:11     | Found a transporter.
 10748 | D:11     | Noticed a boulder beetle
 10749 | D:11     | Noticed a fire giant
 11094 | D:11     | Identified the +2 hand axe "Fiveesyryi" {heavy, *Corrode
                  | rPois Int+2}
 11219 | Lair:1   | Entered Level 1 of the Lair of Beasts
 11232 | Lair:1   | Acquired the +1 tower shield "Ciytiov" {rC+}
 11304 | Lair:1   | Received a gift from Trog
 11387 | Lair:1   | Reached XP level 12. HP: 124/124 MP: 11/11
 11424 | Lair:1   | Reached skill level 13 in Unarmed Combat
 11915 | Lair:1   | Found a shimmering altar of Xom.
 12029 | Lair:1   | Reached skill level 14 in Unarmed Combat
 12239 | Lair:2   | Noticed a six-headed hydra
 12327 | Lair:2   | Killed a seven-headed hydra
 12396 | Lair:2   | Noticed a boulder beetle
 12414 | Lair:2   | Killed a boulder beetle
 12415 | Lair:2   | Reached skill level 15 in Unarmed Combat
 12823 | Lair:2   | Noticed a boulder beetle
 12829 | Lair:2   | Killed a boulder beetle
 12830 | Lair:2   | Reached skill level 16 in Unarmed Combat
 12998 | Lair:3   | Noticed a five-headed hydra
 13003 | Lair:3   | Killed a seven-headed hydra
 13004 | Lair:3   | Noticed a death yak
 13019 | Lair:3   | Killed a death yak
 13106 | Lair:3   | Reached XP level 13. HP: 131/131 MP: 12/12
 13106 | Lair:3   | Found a hole to the Spider Nest.
 13881 | Lair:3   | Noticed an eleionoma
 13889 | Lair:3   | Killed an eleionoma
 13890 | Lair:3   | Found a staircase to the Swamp.
 13896 | Lair:3   | Reached skill level 17 in Unarmed Combat
 14490 | Lair:4   | Reached skill level 10 in Fighting
 15422 | Lair:5   | Entered Level 5 of the Lair of Beasts
 15663 | Lair:5   | Received a gift from Trog
 15800 | Lair:5   | Found a gate leading to a gauntlet.
 15844 | Gauntlet | Entered a Gauntlet
 15844 | Gauntlet | Found a transporter.
 15844 | Gauntlet | Found a transporter.
 15888 | Gauntlet | Found a transporter.
 15891 | Gauntlet | Found a transporter.
 15891 | Gauntlet | Found a transporter.
 15907 | Gauntlet | Found a transporter.
 15922 | Gauntlet | Found a transporter.
 15923 | Gauntlet | Found a transporter.
 15935 | Gauntlet | Found a transporter.
 15935 | Gauntlet | Noticed a balrug
 15951 | Gauntlet | Found a transporter.
 15965 | Gauntlet | Found a transporter.
 15969 | Gauntlet | Found a transporter.
 15973 | Gauntlet | Found a runed translucent door.
 15973 | Gauntlet | Found a runed translucent door.
 16096 | Gauntlet | Killed a balrug
 16097 | Gauntlet | Reached XP level 14. HP: 21/135 MP: 13/13
 16254 | Gauntlet | Identified the +2 chain mail "Reunaq" {Rampage rC+++ rN++
                  | Dex-4}
 16655 | Lair:5   | Found a staircase to the Slime Pits.
 17581 | Lair:5   | Reached skill level 5 in Dodging
 17607 | Lair:5   | HP: 9/229 [poisoned by a swamp dragon (poison gas)]
 17608 | Lair:5   | HP: 2/153 [poisoned by a swamp dragon (poison gas)]
 17911 | Orc:1    | Entered Level 1 of the Orcish Mines
 18006 | Orc:2    | Entered Level 2 of the Orcish Mines
 18143 | Orc:1    | Reached skill level 1 in Shields
 18284 | Orc:2    | Found a staircase to the Elven Halls.
 18350 | Orc:2    | Noticed Urug
 18359 | Orc:2    | Killed Urug
 18421 | Orc:2    | Noticed Sonja
 18426 | Orc:2    | Killed Sonja
 18436 | Orc:2    | Found Weohotea's Antique Armour Boutique.
 18575 | Orc:2    | Received a gift from Trog
 18611 | Orc:2    | HP: 6/153 [orc warrior/+0 short sword of electrocution[an
                  | orc high priest] (12)]
 18611 | Orc:2    | HP: 1/153 [orc high priest/+0 glaive (5)]
 18613 | Orc:2    | Slain by a sixfirhy

Illustrated notes

Levels and vault maps discovered:
D:1:      elethiomel_arrival_quiet, layout_loops_corners,
          minmay_misc_feat_enclosed, minmay_cut_off
D:2:      layout_loops_corners, amcnicky_mini_pool_small,
          chequers_serial_rivers_small_3, minmay_rat_gold_closets, uniq_robin
D:3:      layout_basic, serial_shops, nicolae_shop_behind_doors,
          uniq_crazy_yiuf_cottage
D:4:      layout_gridville, portal_sewer_entry_b, uniq_duvessa
D:5:      layout_loops_corners, nicolae_overflow_hallway_of_the_gods
D:6:      layout_rooms, minmay_temple_entry_trees, nicolae_specific_store
D:7:      minmay_chambers_of_sixes, layout_loops_cross,
          gammafunk_ghost_abyssal_escape, nicolae_shop_overcharged_wands
D:8:      layout_basic, special_room [special_room_orc], gammafunk_ghost_arena,
          uniq_maurice, uniq_psyche, uniq_pikel
D:9:      layout_basic, trog_book, minmay_lair_entry_grove
D:10:     layout_small_grid, hiddenorc2_lemuel, enter_bailey_5
D:11:     layout_loops_corners, gammafunk_ghost_arena,
          nicolae_dithmenos_shadow_blocks
Lair:1:   lemuel_reptile_caves, layout_chaotic_city, basic_altar,
          grunt_megastairs_3, lemuel_fruit_fields, lemuel_fruit_tree
Lair:2:   layout_misc_corridors
Lair:3:   layout_cellular_growth, alex1729_swamp_entry_worm_eleionoma,
          spider_nest_entry_funnel_web, st_stairs_11,
          grunt_forest_stairs_clearing
Lair:4:   layout_regular_city, forest_entry_grove
Lair:5:   guppyfry_lair_end_dragon, layout_regular_city,
          hangedman_lair_tendril_chambers, slime_entry_1, gauntlet_entry_generic
Orc:1:    layout_caves
Orc:2:    st_orc_congregation, layout_caves, basic_altar, serial_shops, shop,
          uniq_rupert, uniq_urug, uniq_sonja

Skill      XL: |  1  2  3  4  5  6  7  8  9 10 11 12 13 14 |
---------------+-------------------------------------------+-----
Dodging        | 3 5 |  5.5
Fighting       | 3 4 7 9 12 13 | 13.0
Unarmed Combat | 4 6 7 8 9 12 16 17 | 17.3
Armour         | 4 6 |  6.4
Throwing       | 6 |  6.2
Shields        | 3 |  3.0

Action                     |  1- 3 |  4- 6 |  7- 9 | 10-12 | 13-15 || total
---------------------------+-------+-------+-------+-------+-------++-------
  Melee: Unarmed           |    70 |   232 |   240 |   752 |   614 ||  1908
         Punch             |     2 |     3 |    11 |    58 |    63 ||   137
  Throw: Dart              |       |       |       |    15 |    22 ||    37
         Boomerang         |       |       |       |     5 |     3 ||     8
 Invoke: Berserk           |       |     3 |     4 |     6 |    11 ||    24
         Trog's Hand       |       |     1 |     3 |     6 |    12 ||    22
         Brothers in Arms  |       |       |       |     3 |       ||     3
    Use: Scroll            |       |       |    10 |     7 |     6 ||    23
         Potion            |       |       |       |     4 |     5 ||     9
   Stab: Sleeping          |       |       |     1 |       |       ||     1
         Confused          |       |       |       |       |     2 ||     2
 Armour: Animal skin       |    38 |   207 |    52 |       |       ||   297
         Robe              |       |       |    88 |       |       ||    88
         Troll leather arm |       |       |    26 |   617 |   609 ||  1252
         Skin              |       |       |       |    21 |       ||    21
  Dodge: Dodged            |    32 |   179 |   124 |   348 |   345 ||  1028
  Block: Other             |       |       |       |    93 |   122 ||   215
         Tower shield      |       |       |       |       |   102 ||   102
         Reflection        |       |       |       |       |     9 ||     9

Table legend: (Time is in decaauts)
 A = Elapsed time spent in this place.
 B = Non-inter-level travel time spent in this place.
 C = Inter-level travel time spent in this place.
 D = Time resting spent in this place.
 E = Time spent auto-exploring this place.
 F = Levels seen in this place.
 G = Mean time per level.
                   A        B        C        D        E       F      G
               +--------+--------+--------+--------+--------+-----+--------+
         Total |  18403 |  17282 |   1121 |   1684 |  10491 |  21 |  876.3 |
       Dungeon |  10237 |   9371 |    866 |    526 |   6384 |  11 |  930.6 |
          Lair |   6038 |   5791 |    247 |    664 |   3537 |   5 | 1207.6 |
  Orcish Mines |    692 |    685 |      7 |    222 |    149 |   2 |  346.0 |
         Sewer |    568 |    568 |      0 |      0 |    390 |   1 |  568.0 |
        Bailey |    362 |    362 |      0 |     52 |     31 |   1 |  362.0 |
      Gauntlet |    504 |    504 |      0 |    219 |      0 |   1 |  504.0 |
               +--------+--------+--------+--------+--------+-----+--------+

Top non-repeatable levels by time:
  Lair:5: 1753 daAuts
  Lair:3: 1401 daAuts
     D:3: 1373 daAuts
  Lair:4: 1074 daAuts
  Lair:1: 1021 daAuts
     D:1: 1011 daAuts
     D:4: 959 daAuts
     D:7: 958 daAuts
     D:8: 948 daAuts
     D:5: 943 daAuts
     D:2: 928 daAuts
    D:10: 917 daAuts
    D:11: 870 daAuts
     D:9: 799 daAuts
  Lair:2: 788 daAuts
